 Dungeon Crawl Stone Soup version 0.29.1-15-g9cfb28693d (webtiles) character file.

Game seed: 161794949219611012

30 GigaChad the Chopper (level 3, -1/27 HPs)
             Began as a Demonspawn Gladiator on Mar 14, 2023.
             Slain by a gnoll
             ... wielding a +0 spear
              (6 damage)
             ... on level 2 of the Dungeon.
             The game lasted 00:00:56 (821 turns).

GigaChad the Chopper (Demonspawn Gladiator)          Turns: 821, Time: 00:00:56

Health: -1/27      AC:  4    Str: 16    XL:     3   Next: 3%
Magic:  3/3        EV: 12    Int:  9    God:
Gold:   62         SH:  0    Dex: 14    Spells: 2/2 levels left

rFire   . . .      SeeInvis .   a - +0 war axe
rCold   . . .      Faith    .   (no shield)
rNeg    . . .      Spirit   .   b - +0 leather armour
rPois   .          Reflect  .   c - +0 helmet
rElec   .          Harm     .   (no cloak)
rCorr   .          Rampage  .   (no gloves)
Will    .....                   (no boots)
Stlth   +.........              (no amulet)
HPRegen 0.09/turn               (no ring)
MPRegen 0.08/turn               (no ring)

@: no status effects
A: foul stench 1
a: no special abilities


You were on level 2 of the Dungeon.
You visited 1 branch of the dungeon, and saw 2 of its levels.

You collected 62 gold pieces.

Inventory:

Hand Weapons
 a - a +0 war axe (weapon)
Missiles
 d - 3 throwing nets (quivered)
 e - a javelin
Armour
 b - a +0 leather armour (worn)
 c - a +0 helmet (worn)
Scrolls
 f - 2 scrolls of identify
 g - a scroll of poison {unknown}
 i - a scroll of vulnerability
 k - a scroll of immolation {unknown}
Potions
 h - a potion of degeneration {unknown}
 j - a potion of lignification {unknown}
 l - 2 potions of brilliance {unknown}


   Skills:
 + Level 2.1 Fighting
 + Level 3.2 Axes
 + Level 1.8 Throwing
 + Level 0.6 Armour
 + Level 3.1 Dodging
 + Level 0.1 Stealth


You had 2 spell levels left.
You didn't know any spells.
Your spell library was empty.

Dungeon Overview and Level Annotations

Branches:
Dungeon (2/15)

Altars:

Annotations:
D:2 Sigmund


Innate Abilities, Weirdness & Mutations

You may rarely emit foul miasma when damaged in melee.


Message History

The slug dart misses you.
A rat comes into view.
The adder moves out of view.
The gnoll shouts!
You hit the dart slug.
The dart slug is moderately wounded.
The dart slug bites you.
The adder hisses angrily.
You hit the dart slug.
The dart slug is severely wounded.
A hobgoblin comes into view.
The dart slug misses you.
Sigmund gestures wildly while chanting.
Sigmund flickers and vanishes!
Deactivating autopickup; reactivate with Ctrl-A.
The hobgoblin moves out of view.
The dart slug launches a dart at you. The slug dart hits you.
A goblin comes into view. It is wielding a +0 dagger.
Something hits you! The dart slug launches a dart at you.
The slug dart hits you. The dart slug launches a dart at you.
The slug dart misses you. The gnoll barely misses you.
You hit the dart slug.
You kill the dart slug!
The gnoll hits you from afar with a +0 spear.
You have reached level 3!
Your experience leads to an increase in your attributes!
Increase (S)trength, (I)ntelligence, or (D)exterity?
You feel stronger. x2
You barely miss the rat.
The gnoll hits you from afar with a +0 spear.
* * * LOW HITPOINT WARNING * * *
The rat twitches its whiskers.
The rat bites you but does no damage.
You barely miss the rat.
The gnoll hits you from afar with a +0 spear.
You die...

#...#S. #...#.
##.... #....# #.
#..gr#
##...#....####..
.......g........
########g####### #
#.r@..#### #
#####....###########
####............
##########.## #.##
#... ####


You could see a gnoll, a hobgoblin and a rat.

Vanquished Creatures
  A dart slug (D:2)
  5 ball pythons
  An endoplasm (D:1)
  A giant cockroach (D:1)
  A goblin (D:1)
  3 hobgoblins (D:1)
  2 jackals (D:1)
  2 quokkas (D:1)
  A bat (D:1)
  5 frilled lizards (D:1)
  2 kobolds (D:1)
  2 rats (D:1)
26 creatures vanquished.

Notes
Turn   | Place    | Note
-------+----------+-------------------------------------------
     0 | D:1      | GigaChad the Demonspawn Gladiator began the quest for the
                  | Orb.
     0 | D:1      | Reached XP level 1. HP: 16/16 MP: 1/1
   201 | D:1      | Gained mutation: You may rarely emit foul miasma when
                  | damaged in melee. [demonic ancestry]
   201 | D:1      | Reached XP level 2. HP: 21/22 MP: 2/2
   373 | D:1      | Found a faded altar of an unknown god.
   807 | D:2      | Noticed Sigmund
   820 | D:2      | Reached XP level 3. HP: 9/27 MP: 3/3
   821 | D:2      | Slain by a gnoll

Illustrated notes

Levels and vault maps discovered:
D:1:      lemuel_arrival_muddy, layout_rooms,
          dreamdust_ecumenical_altar_statues, minmay_stone_trees_small,
          minmay_octomino_c4
D:2:      minmay_recursive_quarters, layout_basic, minmay_misc_feat_nine_boxes,
          uniq_sigmund

Skill      XL: |  1  2 |
---------------+-------+-----
Axes           | 3 |  3.2
Dodging        | 3 |  3.1
Fighting       | |  2.1
Throwing       | |  1.8
Armour         | |  0.6
Stealth        | |  0.1

Action                   || total
-------------------------++-------
Melee: War axe           ||    64
  Use: Scroll            ||     2
Armor: Leather armour    ||    15
Dodge: Dodged            ||    51
